 Dungeon Crawl Stone Soup version 0.27-a0-198-g1307ea1511 (webtiles) character file.

Game seed: 17070320727414019860

24826 ReteAZ the Thaumaturge (level 13, -4/101 HPs)
             Began as a Gnoll Wanderer on Jan 29, 2021.
             Was the Champion of Cheibriados.
             Killed from afar by a hellion (30 damage)
             ... with damnation
             ... in a Gauntlet.
             The game lasted 00:32:40 (17365 turns).

ReteAZ the Thaumaturge (Gnoll Wanderer)            Turns: 17365, Time: 00:32:41

Health: -4/101     AC: 19    Str: 28    XL:     13   Next: 15%
Magic:  26/26      EV: 19    Int: 29    God:    Cheibriados [******]
Gold:   817        SH:  8    Dex: 28    Spells: 25/31 levels left

rFire    . . .     SeeInvis +   L - +3 morningstar (flame)
rCold    + . .     Faith    .   I - +0 buckler
rNeg     . . .     Spirit   .   M - +1 swamp dragon scales
rPois    +         Reflect  .   G - +1 helmet {SInv}
rElec    .         Harm     .   a - +1 cloak {rPois}
rCorr    .         Rampage  .   F - +1 pair of gloves "Gixacwab" {rPois rC+}
Will     .....     NoTele   +   C - +0 pair of boots
Stlth    ++++......             i - amulet of the acrobat
HPRegen  0.26/turn              U - ring of poison resistance
MPRegen  0.20/turn              K - ring of see invisible

@: very slightly contaminated, invisible, very slow
A: distributed training, fangs 1, strong nose
a: Renounce Religion, Bend Time, Temporal Distortion, Slouch, Step From Time


You were in a Gauntlet.
You worshipped Cheibriados.
Cheibriados was exalted by your worship.
You visited 2 branches of the dungeon, and saw 15 of its levels.
You also visited: Gauntlet.

You collected 862 gold pieces.
You spent 45 gold pieces at shops.

Inventory:

Hand Weapons
 f - a +3 broad axe
 L - a +3 morningstar of flaming (weapon)
Missiles
 s - a throwing net
 w - 5 silver javelins
 D - 32 poisoned darts (quivered)
 N - 19 javelins
Armour
 a - a +1 cloak of poison resistance (worn)
 r - a +0 robe of resistance
 C - a +0 pair of boots (worn)
 F - the +1 pair of gloves "Gixacwab" (worn) {rPois rC+}
   (You acquired it in a Gauntlet)

   It protects you from cold.
   It protects you from poison.
 G - a +1 helmet of see invisible (worn)
 I - a +0 buckler (worn)
 M - +1 swamp dragon scales (worn)
Jewellery
 i - an amulet of the acrobat (around neck)
 u - an uncursed ring of magical power
 K - a ring of see invisible (right hand)
 U - a ring of poison resistance (left hand)
Wands
 d - a wand of acid (2)
 p - a wand of polymorph (40)
 q - a wand of paralysis (10)
 A - a wand of digging (9)
 E - a wand of flame (14)
 X - a wand of iceblast (12)
Scrolls
 c - a scroll of remove curse
 e - 12 scrolls of teleportation
 g - 4 scrolls of fear
 j - a scroll of fog
 l - a scroll of magic mapping
 m - a scroll of summoning {unknown}
 n - 4 scrolls of identify
 t - 2 scrolls of immolation
 y - 3 scrolls of amnesia
Potions
 h - 2 potions of heal wounds
 k - 4 potions of attraction
 o - 3 potions of degeneration
 v - 2 potions of lignification {unknown}
 z - a potion of flight
 B - a potion of might
 J - 2 potions of haste {unknown}
 O - 6 potions of curing
 R - 3 potions of magic {unknown}
 V - 2 potions of mutation {unknown}
 W - a potion of brilliance {unknown}
 Z - a potion of ambrosia {unknown}


   Skills:
 + Level 9.3 Fighting
 + Level 8.0 Short Blades
 + Level 8.0 Long Blades
 + Level 8.0 Axes
 + Level 8.0 Maces & Flails
 + Level 8.0 Polearms
 + Level 8.0 Staves
 + Level 8.0 Slings
 + Level 8.0 Bows
 + Level 8.0 Crossbows
 + Level 8.5 Throwing
 + Level 8.5 Armour
 + Level 8.0 Dodging
 + Level 8.4 Stealth
 + Level 8.0 Shields
 + Level 8.0 Unarmed Combat
 + Level 9.5 Spellcasting
 + Level 6.6 Conjurations
 + Level 6.6 Hexes
 + Level 6.6 Summonings
 + Level 6.6 Necromancy
 + Level 6.6 Translocations
 + Level 6.6 Transmutations
 + Level 6.6 Fire Magic
 + Level 8.7 Ice Magic
 + Level 6.6 Air Magic
 + Level 6.6 Earth Magic
 + Level 6.6 Poison Magic
 + Level 8.8 Invocations
 + Level 8.0 Evocations


You had 25 spell levels left.
You knew the following spells:

 Your Spells              Type           Power        Failure   Level
a - Mephitic Cloud        Conj/Pois/Air  51%          1%          3
b - Ignite Poison         Fire/Tmut/Pois 51%          1%          3

Your spell library contained the following spells:

 Spells                   Type           Power        Failure   Level
 Corona                   Hex            56%          1%          1
 Foxfire                  Conj/Fire      100%         1%          1
 Magic Dart               Conj           100%         1%          1
 Sting                    Tmut/Pois      100%         1%          1
 Blink                    Tloc           N/A          1%          2
 Call Imp                 Summ           51%          1%          2
 Ensorcelled Hibernation  Hex/Ice        100%         1%          2
 Poisonous Vapours        Pois/Air       100%         1%          2
 Slow                     Hex            51%          1%          2
 Confusing Touch          Hex            51%          1%          3
 Conjure Flame            Conj/Fire      51%          1%          3
 Dazzling Flash           Conj/Hex       100%         1%          3
 Inner Flame              Hex/Fire       51%          1%          3
 Tukima's Dance           Hex            51%          1%          3
 Olgreb's Toxic Radiance  Pois           51%          3%          4
 Sticky Flame             Conj/Fire      51%          3%          4
 Fireball                 Conj/Fire      25%          10%         5
 Haunt                    Necr/Summ      25%          96%         7
 Malign Gateway           Summ/Tloc      25%          96%         7
 Monstrous Menagerie      Summ           25%          96%         7
 Summon Horrible Things   Summ           25%          100%        8


Dungeon Overview and Level Annotations

Branches:
Dungeon (14/15)            Temple (0/1) D:5            Lair (1/6) D:10
    Orc (0/2) D:11         Vaults (0/5) D:13        Gauntlet (1/1)

Altars:
Ashenzari
Cheibriados
Dithmenos
Elyvilon
Makhleb
Nemelex Xobeh
Okawaru
Qazlal
Ru
Uskayaw
Vehumet
Wu Jian

Shops:
D:5 [   D:13 :

Annotations:
D:11 2 transporters, flidderman's ghost, journeyman GrFi Gauntlet 9 transporters, 1 runed translucent door


Innate Abilities, Weirdness & Mutations

Your experience applies equally to all skills.
You have very sharp teeth.
Your uncanny sense of smell can sniff out nearby items.


Message History

You hit the hell hound but do no damage.
The hell hound is heavily wounded.
The hell hound barely misses you.
You bludgeon the hell hound!!
You kill the hell hound!
Cheibriados thoroughly appreciates the change of pace.
No reachable target in view!
The hellion gestures at you.
The sphere of damnation explodes!
The damnation engulfs you!!! The hellion gestures at you.
The sphere of damnation explodes!
The damnation engulfs you!!
* * * LOW HITPOINT WARNING * * *
You are too injured to fight recklessly!
You are too injured to fight recklessly!
You are too injured to fight recklessly!
You hit the smoke demon.
The smoke demon is lightly wounded.
The hellion gestures at you.
The sphere of damnation explodes!
The damnation engulfs you!!
You die...

.#©#.##©#.©#©#.........♣.≈##
.#.##.#..###.#########...≈≈# # #
.#.##..##.##.#.......#...≈##...#
.#.#.##.#..#.#..#.#.}#.P.## .♣.#
.#.#########.#..#.#."#.♣..##...#
.#.#.......#©#.2#©#.©#.....#.♣.#
##.#...♣P..###..#.#.!#..P♣.#...#
.#.#.P...P...#.3#.#..#...P.#.©.#
.#.#.#≈#≈#...#..@....#.....#...#
.#.#.≈≈≈≈≈.P.#########.....#.©.##
©#©#.#≈#≈#.♣............∩..#.....
.#.#.≈≈≈≈≈...#########.....#.©.##
.#.#.#≈#≈#...#..24!.=#.....#...#
.#.#.P..PP...#.#####)#.....#.©.#
##.#..P♣...###.....#©#..P♣.#...#
.#.#.......#©#####.###..P..#.♣.#
.#.#########.#...#...#.♣..##...#


You could see a green death, an orange demon, a smoke demon (wandering) and a
hellion.

Vanquished Creatures
  2 death oozes (Gauntlet)
  Erolcha (D:10)
  A centaur warrior (D:13)
  An ogre mage (D:11)
  6 two-headed ogres
  Urug (D:11)
  An unseen horror (D:10)
  Pikel (D:6)
  4 ugly things
  3 cyclopes
  An elephant (D:10)
  2 centaur zombies (D:12)
  Maggie (D:6)
  A komodo dragon (D:13)
  A troll (D:9)
  A hornet (D:13)
  A shadow (D:6)
  2 wraiths
  3 wyverns
  Sigmund (D:5)
  A vampire (D:13)
  20 yaks
  A basilisk (D:10)
  A steam dragon (D:7)
  3 vampire mosquitoes (D:12)
  2 hell hounds (Gauntlet)
  A soldier ant (D:11)
  A water moccasin (D:7)
  4 sky beasts
  2 black bears
  2 eyes of draining (D:12)
  5 orc warriors
  A hornet zombie (D:12)
  2 ice beasts
  A necrophage (D:10)
  3 phantoms
  5 ogres
  7 centaurs
  2 big kobolds
  9 bullfrogs
  A water moccasin zombie (D:8)
  A scorpion (D:8)
  4 killer bees (D:7)
  15 wights
  2 howler monkeys
  2 bullfrog zombies (D:5)
  A quasit (D:6)
  A gnoll shaman (D:4)
  3 hounds
  3 centaur skeletons
  7 orc priests
  2 bullfrog skeletons
  12 worker ants
  5 orc wizards
  A hound zombie (D:7)
  2 hound skeletons
  Robin (D:4)
  16 gnolls
  13 adders
  4 white imps
  An ufetubus (D:7)
  An ooze (D:5)
  An adder skeleton (D:8)
  2 worms
  3 leopard geckos
  62 orcs
  2 ball pythons
  5 bats
  A giant cockroach (D:5)
  12 goblins
  6 hobgoblins
  3 jackals (D:1)
  15 kobolds
  8 quokkas
  3 frilled lizards
  2 jackal zombies
  2 leopard gecko skeletons
  A leopard gecko zombie (D:5)
  A quokka skeleton (D:8)
  6 rats
341 creatures vanquished.

Vanquished Creatures (others)
  2 orcs
  A plant (D:10)
3 creatures vanquished.

Grand Total: 344 creatures vanquished

Notes
Turn   | Place    | Note
-------+----------+-------------------------------------------
     0 | D:1      | ReteAZ the Gnoll Wanderer began the quest for the Orb.
     0 | D:1      | ReteAZ set off with the following items: a +0 hand axe, a
                  | +0 spear, a +0 robe; and the following spell memorised:
                  | Magic Dart; and the following spells available to memorise:
                  | Blink, Call Imp, Slow, Conjure Flame, Mephitic Cloud
     0 | D:1      | Reached XP level 1. HP: 20/20 MP: 6/6
   302 | D:1      | Reached XP level 2. HP: 21/26 MP: 4/7
  1049 | D:1      | Reached XP level 3. HP: 31/31 MP: 9/9
  1122 | D:1      | Reached skill level 5 in Spellcasting
  1984 | D:2      | Reached skill level 1 in Invocations
  2174 | D:2      | Found a sparkling altar of Nemelex Xobeh.
  2175 | D:2      | Found a snail-covered altar of Cheibriados.
  2246 | D:2      | Became a worshipper of Cheibriados the Contemplative
  2710 | D:3      | Reached skill level 1 in Short Blades
  2710 | D:3      | Reached skill level 1 in Long Blades
  2710 | D:3      | Reached skill level 1 in Axes
  2710 | D:3      | Reached skill level 1 in Maces & Flails
  2710 | D:3      | Reached skill level 1 in Polearms
  2710 | D:3      | Reached skill level 1 in Staves
  2710 | D:3      | Reached skill level 1 in Slings
  2710 | D:3      | Reached skill level 1 in Bows
  2710 | D:3      | Reached skill level 1 in Crossbows
  2710 | D:3      | Reached skill level 1 in Dodging
  2710 | D:3      | Reached skill level 1 in Shields
  2710 | D:3      | Reached skill level 1 in Unarmed Combat
  2710 | D:3      | Reached skill level 1 in Evocations
  2875 | D:3      | Reached XP level 4. HP: 34/38 MP: 11/11
  3340 | D:3      | Noticed an orc warrior
  3383 | D:3      | Killed an orc warrior
  3384 | D:3      | Reached skill level 1 in Conjurations
  3384 | D:3      | Reached skill level 1 in Hexes
  3384 | D:3      | Reached skill level 1 in Summonings
  3384 | D:3      | Reached skill level 1 in Necromancy
  3384 | D:3      | Reached skill level 1 in Translocations
  3384 | D:3      | Reached skill level 1 in Transmutations
  3384 | D:3      | Reached skill level 1 in Fire Magic
  3384 | D:3      | Reached skill level 1 in Air Magic
  3384 | D:3      | Reached skill level 1 in Earth Magic
  3384 | D:3      | Reached skill level 1 in Poison Magic
  3384 | D:3      | Reached XP level 5. HP: 41/43 MP: 8/12
  3761 | D:4      | Found a stormy altar of Qazlal.
  3925 | D:4      | Reached XP level 6. HP: 41/50 MP: 10/14
  4002 | D:4      | Reached skill level 5 in Fighting
  4016 | D:4      | Reached * piety under Cheibriados
  4038 | D:4      | Found a white marble altar of Elyvilon.
  4094 | D:4      | Noticed Robin
  4119 | D:4      | Killed Robin
  4281 | D:4      | Found a hide-covered altar of Uskayaw.
  4382 | D:4      | Noticed a sky beast
  4407 | D:4      | Killed a sky beast
  4408 | D:4      | Reached XP level 7. HP: 14/56 MP: 15/15
  4910 | D:4      | Found a radiant altar of Vehumet.
  5279 | D:4      | HP: 1/56 [gnoll/+0 halberd (9)]
  5293 | D:5      | Entered Level 5 of the Dungeon
  5730 | D:4      | Reached ** piety under Cheibriados
  6730 | D:5      | Reached XP level 8. HP: 59/63 MP: 16/16
  6749 | D:5      | Found a shadowy altar of Dithmenos.
  7459 | D:5      | Found a staircase to the Ecumenical Temple.
  7467 | D:5      | Noticed Sigmund
  7479 | D:5      | Killed Sigmund
  7692 | D:5      | Found Ecuz's Armour Shop.
  7698 | D:5      | Bought a +0 buckler for 45 gold pieces
  7966 | D:6      | Noticed Maggie
  7994 | D:6      | Killed Maggie
  8007 | D:6      | Reached *** piety under Cheibriados
  8428 | D:6      | Found a broken altar of Ashenzari.
  8479 | D:6      | Reached XP level 9. HP: 69/69 MP: 18/18
  8706 | D:6      | Noticed Pikel
  8717 | D:6      | Killed Pikel
  8718 | D:6      | Reached skill level 5 in Throwing
  8718 | D:6      | Reached skill level 5 in Armour
  9103 | D:6      | Reached skill level 5 in Stealth
  9393 | D:7      | Reached skill level 5 in Invocations
  9591 | D:7      | Reached **** piety under Cheibriados
  9701 | D:7      | Reached XP level 10. HP: 63/77 MP: 20/20
 10286 | D:8      | Reached skill level 5 in Short Blades
 10286 | D:8      | Reached skill level 5 in Long Blades
 10286 | D:8      | Reached skill level 5 in Axes
 10286 | D:8      | Reached skill level 5 in Maces & Flails
 10286 | D:8      | Reached skill level 5 in Polearms
 10286 | D:8      | Reached skill level 5 in Staves
 10286 | D:8      | Reached skill level 5 in Slings
 10286 | D:8      | Reached skill level 5 in Bows
 10286 | D:8      | Reached skill level 5 in Crossbows
 10286 | D:8      | Reached skill level 5 in Dodging
 10286 | D:8      | Reached skill level 5 in Shields
 10286 | D:8      | Reached skill level 5 in Unarmed Combat
 10286 | D:8      | Reached skill level 5 in Evocations
 10405 | D:8      | Noticed a cyclops
 10422 | D:8      | Killed a cyclops
 10458 | D:8      | Found an iron altar of Okawaru.
 10542 | D:8      | Reached ***** piety under Cheibriados
 11079 | D:9      | Learned a level 3 spell: Mephitic Cloud
 11083 | D:9      | Learned a level 3 spell: Ignite Poison
 11116 | D:9      | Identified 3 scrolls of acquirement
 11519 | D:9      | Found an ornate altar of the Wu Jian Council.
 11573 | D:9      | Found a sacrificial altar of Ru.
 11577 | D:9      | Found a burning altar of Makhleb.
 11933 | D:10     | Entered Level 10 of the Dungeon
 11969 | D:10     | Noticed Erolcha
 11975 | D:10     | Noticed a two-headed ogre
 11981 | D:10     | Killed Erolcha
 11982 | D:10     | Reached XP level 11. HP: 22/84 MP: 14/22
 11985 | D:10     | Killed a two-headed ogre
 11986 | D:10     | Reached skill level 5 in Conjurations
 11986 | D:10     | Reached skill level 5 in Hexes
 11986 | D:10     | Reached skill level 5 in Summonings
 11986 | D:10     | Reached skill level 5 in Necromancy
 11986 | D:10     | Reached skill level 5 in Translocations
 11986 | D:10     | Reached skill level 5 in Transmutations
 11986 | D:10     | Reached skill level 5 in Fire Magic
 11986 | D:10     | Reached skill level 5 in Air Magic
 11986 | D:10     | Reached skill level 5 in Earth Magic
 11986 | D:10     | Reached skill level 5 in Poison Magic
 12496 | D:10     | Found a staircase to the Lair.
 12590 | D:10     | You fall into a shaft and drop 3 floors!
 12590 | D:13     | Found a gate to the Vaults.
 12591 | D:13     | Noticed a two-headed ogre
 12591 | D:13     | Noticed a two-headed ogre
 12591 | D:13     | Noticed an ogre mage
 12606 | D:13     | Noticed a centaur warrior
 12617 | D:13     | Killed a centaur warrior
 12778 | D:13     | Noticed a green ugly thing
 12780 | D:13     | Reached ****** piety under Cheibriados
 12790 | D:13     | Killed a green ugly thing
 12805 | D:13     | Found Badapous's Book Emporium.
 12858 | D:12     | Noticed a brown ugly thing
 12865 | D:12     | Killed a brown ugly thing
 12866 | D:12     | Noticed a two-headed ogre
 12868 | D:12     | Noticed a two-headed ogre
 12881 | D:13     | Killed a two-headed ogre
 12886 | D:13     | Killed a two-headed ogre
 13185 | D:13     | Reached XP level 12. HP: 93/94 MP: 24/24
 13687 | D:12     | Noticed an ogre mage
 13703 | D:11     | Noticed a two-headed ogre
 13707 | D:11     | Killed an ogre mage
 13713 | D:11     | Killed a two-headed ogre
 13775 | D:11     | Noticed a two-headed ogre
 13782 | D:11     | Killed a two-headed ogre
 14095 | D:11     | Found a staircase to the Orcish Mines.
 14297 | D:11     | Noticed Urug
 14806 | D:11     | Found a transporter.
 14806 | D:11     | Noticed a two-headed ogre
 14814 | D:11     | Killed a two-headed ogre
 14863 | D:11     | Noticed flidderman's ghost (journeyman GrFi)
 14864 | D:11     | Found a transporter.
 14937 | D:11     | Killed Urug
 15476 | D:11     | You fall into a shaft and drop 3 floors!
 15936 | D:12     | Reached XP level 13. HP: 101/101 MP: 26/26
 16555 | Lair:1   | Entered Level 1 of the Lair of Beasts
 16591 | Lair:1   | Found a gate leading to a gauntlet.
 16599 | Gauntlet | Entered a Gauntlet
 16599 | Gauntlet | Found a transporter.
 16601 | Gauntlet | Noticed a death ooze
 16606 | Gauntlet | Found a transporter.
 16608 | Gauntlet | Found a transporter.
 16617 | Gauntlet | Found a transporter.
 16619 | Gauntlet | Found a transporter.
 16630 | Gauntlet | Found a transporter.
 16643 | Gauntlet | Found a runed translucent door.
 16647 | Gauntlet | Found a transporter.
 16649 | Gauntlet | Noticed a green death
 16656 | Gauntlet | Found a transporter.
 16666 | Gauntlet | Noticed a green death
 16669 | Gauntlet | Found a transporter.
 16682 | Gauntlet | Found a transporter.
 16685 | Gauntlet | Noticed a death ooze
 16697 | Gauntlet | Found a transporter.
 16697 | Gauntlet | Found a transporter.
 16742 | Gauntlet | Found a transporter.
 16756 | Gauntlet | Found a transporter.
 17016 | Gauntlet | Acquired a Grand Grimoire
 17018 | Gauntlet | Acquired the +1 pair of gloves "Gixacwab" {rPois rC+}
 17030 | Gauntlet | Acquired a +1 helmet of see invisible
 17134 | Gauntlet | Killed a death ooze
 17325 | Gauntlet | Killed a death ooze
 17365 | Gauntlet | Killed from afar by a hellion

Illustrated notes

Levels and vault maps discovered:
D:1:      beargit_arrival_greenhouse, layout_loops_cross
D:2:      layout_loops_ring, gammafunk_temple_overflow_pools
D:3:      layout_basic
D:4:      layout_gridville, eat_drink_and_be_merry_uskayaw, lemuel_doored_altar,
          vehumet_altar_wand_db, elyvilon_altar_5, uniq_robin
D:5:      layout_loops_corners, nicolae_overflow_crystal_walls,
          minmay_temple_entry_arrows, serial_shops, shop, uniq_sigmund
D:6:      layout_basic, lemuel_round_altar, uniq_maggie, uniq_pikel
D:7:      layout_basic
D:8:      layout_cave_pools, okawaru_metal_pillars_1_2
D:9:      layout_irregular_city, minmay_overflow_temple_star_quad,
          serial_column_ruins, column_ruins_columns_plus,
          column_ruins_open_small, column_ruins_grid_1, column_ruins_open_small,
          lemuel_flamethrower_2
D:10:     layout_roguey [special_room_orc], david_lair_generic,
          serial_corexii_hall, chequers_hall_statues_y, chequers_hall_statues_y,
          corexii_hall_statues_x, uniq_erolcha
D:11:     layout_long_grid, david_orc_3, gammafunk_ghost_mausoleum, uniq_urug
D:12:     layout_long_grid, lightli_fourway_metalbox
D:13:     layout_loops_ring, david_vaults_2, serial_shops, shop, uniq_maurice
D:14:     layout_basic, fountainhead
Lair:1:   layout_cave_pods, gauntlet_entry_generic, gammafunk_ghost_cemetery,
          grunt_forest_stairs_basic, beast_lair_carwin_6, uniq_erica
Gauntlet: minmay_gauntlet_77_tree [minmay_gauntlet_arena_77_hold_the_fort,
          minmay_gauntlet_arena_77_tiled_triplets,
          minmay_gauntlet_arena_77_checkered,
          minmay_gauntlet_arena_77_radiant_squares,
          minmay_gauntlet_arena_77_chump_sandwich,
          minmay_gauntlet_arena_77_path, minmay_gauntlet_arena_77_fan,
          gauntlet_exit_spiral]

Skill      XL: |  1  2  3  4  5  6  7  8  9 10 11 12 13 |
---------------+----------------------------------------+-----
Spellcasting   | 5 6 7 8 9 |  9.5
Invocations    | 1 2 3 4 5 6 7 8 |  8.8
Short Blades   | 1 2 3 4 5 6 7 8 |  8.0
Long Blades    | 1 2 3 4 5 6 7 8 |  8.0
Axes           | 1 2 3 4 5 6 7 8 |  8.0
Maces & Flails | 1 2 3 4 5 6 7 8 |  8.0
Polearms       | 1 2 3 4 5 6 7 8 |  8.0
Staves         | 1 2 3 4 5 6 7 8 |  8.0
Slings         | 1 2 3 4 5 6 7 8 |  8.0
Bows           | 1 2 3 4 5 6 7 8 |  8.0
Crossbows      | 1 2 3 4 5 6 7 8 |  8.0
Dodging        | 1 2 3 4 5 6 7 8 |  8.0
Shields        | 1 2 3 4 5 6 7 8 |  8.0
Unarmed Combat | 1 2 3 4 5 6 7 8 |  8.0
Evocations     | 1 2 3 4 5 6 7 8 |  8.0
Throwing       | 3 4 5 6 7 8 |  8.5
Armour         | 3 4 5 6 7 8 |  8.5
Conjurations   | 1 2 3 4 5 6 |  6.6
Hexes          | 1 2 3 4 5 6 |  6.6
Summonings     | 1 2 3 4 5 6 |  6.6
Necromancy     | 1 2 3 4 5 6 |  6.6
Translocations | 1 2 3 4 5 6 |  6.6
Transmutations | 1 2 3 4 5 6 |  6.6
Fire Magic     | 1 2 3 4 5 6 |  6.6
Air Magic      | 1 2 3 4 5 6 |  6.6
Earth Magic    | 1 2 3 4 5 6 |  6.6
Poison Magic   | 1 2 3 4 5 6 |  6.6
Stealth        | 3 4 5 6 7 8 |  8.4
Fighting       | 5 6 7 8 9 |  9.3
Ice Magic      | 6 7 8 |  8.7

Action                   |  1- 3 |  4- 6 |  7- 9 | 10-12 | 13-15 || total
-------------------------+-------+-------+-------+-------+-------++-------
Melee: Hand axe          |    61 |       |       |       |       ||    61
       Bite              |     6 |     8 |    72 |    89 |    11 ||   186
       Whip              |    54 |    89 |   249 |       |       ||   392
       Punch             |       |     1 |     3 |       |       ||     4
       Morningstar       |       |       |   133 |   439 |    48 ||   620
Throw: Dart              |       |       |       |     3 |       ||     3
 Cast: Magic Dart        |    18 |     6 |     3 |       |       ||    27
       Mephitic Cloud    |       |       |       |    29 |       ||    29
       Ignite Poison     |       |       |       |    23 |       ||    23
Evoke: Wand              |       |     2 |     2 |     4 |       ||     8
  Use: Potion            |       |       |     6 |     1 |     1 ||     8
       Scroll            |       |       |       |    18 |     4 ||    22
 Stab: Sleeping          |     4 |     2 |     4 |     8 |       ||    18
       Distracted        |     1 |       |       |     3 |       ||     4
       Paralysed         |       |     8 |       |       |       ||     8
       Invisible         |       |       |     2 |       |       ||     2
       Confused          |       |       |       |     7 |       ||     7
Armor: Robe              |    35 |    21 |    16 |       |       ||    72
       Chain mail        |       |       |    86 |       |       ||    86
       Swamp dragon scal |       |       |    64 |   130 |    11 ||   205
Dodge: Dodged            |    76 |    63 |   276 |   418 |    50 ||   883
Block: Buckler           |       |       |    53 |   198 |    26 ||   277

Table legend: (Time is in decaauts)
 A = Elapsed time spent in this place.
 B = Non-inter-level travel time spent in this place.
 C = Inter-level travel time spent in this place.
 D = Time resting spent in this place.
 E = Time spent auto-exploring this place.
 F = Levels seen in this place.
 G = Mean time per level.
                   A        B        C        D        E       F      G
               +--------+--------+--------+--------+--------+-----+--------+
         Total |  23138 |  22073 |   1065 |   3596 |  13572 |  16 | 1446.1 |
       Dungeon |  21705 |  20641 |   1064 |   3484 |  13122 |  14 | 1550.4 |
          Lair |     82 |     82 |      0 |      0 |      0 |   1 |   82.0 |
      Gauntlet |   1350 |   1350 |      0 |    112 |    450 |   1 | 1350.0 |
               +--------+--------+--------+--------+--------+-----+--------+

Top non-repeatable levels by time:
     D:4: 2746 daAuts
    D:11: 2389 daAuts
     D:6: 1979 daAuts
     D:5: 1972 daAuts
    D:12: 1723 daAuts
    D:10: 1645 daAuts
     D:9: 1575 daAuts
     D:3: 1553 daAuts
     D:7: 1458 daAuts
     D:1: 1366 daAuts
Gauntlet: 1350 daAuts
     D:2: 1305 daAuts
    D:13: 1032 daAuts
     D:8: 934 daAuts
  Lair:1: 82 daAuts
